 Dungeon Crawl Stone Soup version 0.29-a0-542-g075992c915 (webtiles) character file.

Game seed: 3301697115771764864

184 enile the Skirmisher (level 6, -13/56 HPs)
             Began as a Meteoran Fighter on June 3, 2022.
             Was a Follower of Okawaru.
             Killed by divine providence
             ... invoked by an orc priest
              (16 damage)
             ... on level 5 of the Dungeon.
             The game lasted 00:05:36 (2411 turns).

enile the Skirmisher (Meteoran Fighter)             Turns: 2411, Time: 00:05:37

Health: -13/56     AC:  8    Str: 20    XL:     6   Next: 18%
Magic:  7/8        EV: 11    Int:  9    God:    Okawaru [*.....]
Gold:   164        SH:  6    Dex: 14    Spells: 5/5 levels left

rFire   . . .      SeeInvis .   a - +0 flail
rCold   . . .      Faith    .   c - +0 buckler
rNeg    . . .      Spirit   .   b - +0 scale mail
rPois   +          Reflect  .   (no helmet)
rElec   .          Harm     .   (no cloak)
rCorr   .          Rampage  .   (no gloves)
Will    .....                   (no boots)
Stlth   +.........              (no amulet)
HPRegen 0.18/turn               o - ring of poison resistance
MPRegen 0.11/turn               (no ring)

@: mighty, heroic, attractive, glowing, invisible (but backlit and visible)
A: sense surroundings 1, otherworldly, glowing, explore regen
a: Renounce Religion, Heroism


You were on level 5 of the Dungeon.
You worshipped Okawaru.
Okawaru was aware of your devotion.
You visited 1 branch of the dungeon, and saw 5 of its levels.

You collected 164 gold pieces.

Inventory:

Hand Weapons
 a - a +0 flail (weapon)
 n - a +3 short sword of draining
Missiles
 x - a throwing net (quivered)
Armour
 b - a +0 scale mail (worn)
 c - a +0 buckler (worn)
Jewellery
 o - a ring of poison resistance (left hand)
Wands
 k - a wand of paralysis (8)
 t - a wand of polymorph (8)
Scrolls
 f - a scroll of enchant weapon
 h - a scroll of silence
 i - 3 scrolls of enchant armour
 j - 2 scrolls of noise {unknown}
 q - a scroll of teleportation {unknown}
 s - a scroll of immolation {unknown}
 u - a scroll of identify
 w - a scroll of blinking {unknown}
Potions
 d - a potion of might
 g - a potion of invisibility
 l - a potion of heal wounds {unknown}
 m - a potion of flight {unknown}
 p - a potion of curing {unknown}
 r - a potion of attraction
 v - a potion of brilliance {unknown}


   Skills:
 - Level 5.0(10.0) Fighting
 - Level 4.0(9.0) Maces & Flails
 - Level 5.0(10.0) Armour
 - Level 3.6(8.6) Shields
 + Level 2.2 Invocations


You had 5 spell levels left.
You didn't know any spells.
Your spell library contained the following spells:

 Spells                   Type           Power      Damage    Failure   Level
 Slow                     Hex            0%         N/A       77%         1
 Confusing Touch          Hex            0%         N/A       98%         3
 Ignite Poison            Fire/Tmut/Pois 0%         N/A       98%         3
 Mephitic Cloud           Conj/Pois/Air  0%         N/A       98%         3
 Vampiric Draining        Necr           0%         2d6       98%         3
 Freezing Cloud           Conj/Ice/Air   0%         6-21      100%        5


Dungeon Overview and Level Annotations

Branches:
Dungeon (5/15)
 Temple: D:4-7

Altars:
Okawaru


Innate Abilities, Weirdness & Mutations

You passively map a small area around you.
You are easily found by Zot.
You glow in the dark.
You regain HP and MP as you explore.


Message History

The howler monkey hoots and howls with incredible vigour!
The gnoll closely misses you.
The gnoll sergeant hits you but does no damage.
The jelly hits you but does no damage.
You hear a shout! x2; You hear a howl!
You hear a shout!
You hit the jelly.
Your hands burn!
The jelly is lightly wounded.
The howler monkey hits you but does no damage.
You block the gnoll sergeant's attack.
The gnoll hits you from afar with a +0 spear.
The jelly hits you.
You are splashed with acid!
A howler monkey comes into view.
The howler monkey hits you.
* * * LOW HITPOINT WARNING * * *
As you read the scroll of fear, it crumbles to dust.
You assume a fearsome visage.
The jelly resists with some effort.
The howler monkey looks frightened!
The gnoll sergeant looks frightened!
The gnoll looks frightened! x2; The howler monkey looks frightened!
The jelly hits you but does no damage.
You sock the jelly!
Your hands burn!
* * * LOW HITPOINT WARNING * * *
The jelly is almost dead.
An orc priest comes into view. It is wielding a +0 short sword.
The gnoll sergeant gibbers meaninglessly.
You block the jelly's attack.
You barely miss the jelly.
The jelly is almost dead.
A gnoll opens the door.
The jelly hits you.
* * * LOW HITPOINT WARNING * * *
You are splashed with acid!
* * * LOW HITPOINT WARNING * * *
Okay, then.
It was a potion of invisibility.
You become transparent, but the glow from your body prevents you from becoming completely invisible.
The jelly closely misses you.
It was a potion of attraction.
You feel attractive to monsters.
The orc priest mumbles some strange prayers to Beogh against you.
Beogh smites you!
You die...

, , * , #...# , * * #
#...#* * , .##...# *
..... *,g'...+ , , ,
..#.### ###...# ##*
.#.#.#.# ..g...+ o#
#.#.#.#.####...##J###
.#.#.#.#.gh....)@...#
#.#.#.#.#....########**
.#.#.#.#..........h , ,
#.#.#......#+###### **
* .#.#.#...g.....#
#.#.#'.........#
.#g#.#.........#
#J#.#'.........#
.#.#.#.....#'#.#


You could see a gnoll sergeant (fleeing), a howler monkey (fleeing), a jelly, an
orc priest and 2 gnolls.

Vanquished Creatures
  An orc wizard (D:3)
  A gnoll (D:5)
  7 adders
  2 worms
  2 dart slugs
  8 orcs
  5 endoplasms
  3 giant cockroaches
  5 hobgoblins
  4 jackals (D:1)
  3 quokkas
  5 ball pythons
  11 bats
  4 frilled lizards
  5 goblins
  7 kobolds
73 creatures vanquished.

Notes
Turn   | Place    | Note
-------+----------+-------------------------------------------
     0 | D:1      | enile the Meteoran Fighter began the quest for the Orb.
     0 | D:1      | Reached XP level 1. HP: 19/19 MP: 2/2
    97 | D:1      | Reached XP level 2. HP: 15/27 MP: 3/3
   285 | D:1      | Found a faded altar of an unknown god.
   295 | D:1      | Prayed at the altar of an unknown god.
   295 | D:1      | Became a worshipper of Warmaster Okawaru
   295 | D:1      | Reached * piety under Okawaru
   487 | D:1      | Glimpsed the power of Zot.
   537 | D:1      | Glimpsed the power of Zot.
   574 | D:1      | Reached XP level 3. HP: 25/33 MP: 4/4
   745 | D:2      | Reached XP level 4. HP: 34/41 MP: 5/5
   755 | D:2      | Reached skill level 5 in Fighting
  1061 | D:2      | Glimpsed the power of Zot.
  1096 | D:3      | Reached XP level 5. HP: 48/48 MP: 6/6
  1189 | D:3      | Reached skill level 5 in Armour
  1637 | D:3      | Glimpsed the power of Zot.
  1642 | D:3      | Reached skill level 1 in Invocations
  1702 | D:4      | Reached XP level 6. HP: 55/56 MP: 7/7
  2230 | D:4      | Glimpsed the power of Zot.
  2279 | D:4      | Glimpsed the power of Zot.
  2313 | D:5      | Entered Level 5 of the Dungeon
  2411 | D:5      | Killed from afar by an orc priest

Illustrated notes

Levels and vault maps discovered:
D:1:      mushboom_english_gardens, layout_loops_corners,
          ebering_ecumenical_altar_mist
D:2:      minmay_recursive_quarters, layout_basic
D:3:      layout_rooms, nicolae_concentric_dashed_squares_mild
D:4:      layout_loops_ring, minivault_5, chequers_serial_rivers_marsh
D:5:      layout_basic, serial_shops, shop

Skill      XL: |  1  2  3  4  5  6 |
---------------+-------------------+-----
Fighting       | 4 5 |  5.0
Armour         | 4 5 |  5.0
Maces & Flails | 4 |  4.0
Invocations    | 1 2 |  2.2
Shields        | |  3.6

Action                   |  1- 3 |  4- 6 || total
-------------------------+-------+-------++-------
Melee: Flail             |    90 |   156 ||   246
Invok: Heroism           |     1 |     1 ||     2
  Use: Scroll            |       |     5 ||     5
       Potion            |       |     3 ||     3
Armor: Scale mail        |    71 |    97 ||   168
Dodge: Dodged            |    37 |    73 ||   110
Block: Buckler           |    21 |    49 ||    70

Table legend: (Time is in decaauts)
 A = Elapsed time spent in this place.
 B = Non-inter-level travel time spent in this place.
 C = Inter-level travel time spent in this place.
 D = Time resting spent in this place.
 E = Time spent auto-exploring this place.
 F = Levels seen in this place.
 G = Mean time per level.
                   A        B        C        D        E       F      G
               +--------+--------+--------+--------+--------+-----+--------+
         Total |   2481 |   2387 |     94 |      0 |   1566 |   5 |  496.2 |
       Dungeon |   2481 |   2387 |     94 |      0 |   1566 |   5 |  496.2 |
               +--------+--------+--------+--------+--------+-----+--------+

Top non-repeatable levels by time:
     D:3: 632 daAuts
     D:4: 621 daAuts
     D:1: 584 daAuts
     D:2: 545 daAuts
     D:5: 98 daAuts
